 Dungeon Crawl Stone Soup version 0.29.1-15-g9cfb28693d (webtiles) character file.

Game seed: 7889497184367756186

702 Groucho the Caller (level 7, -3/32 HPs)
             Began as a Deep Elf Summoner on Apr 6, 2023.
             Was a Follower of Hepliaklqana.
             Slain by a wyvern (12 damage)
             ... on level 5 of the Dungeon.
             The game lasted 00:15:33 (8532 turns).

Groucho the Caller (Deep Elf Summoner)              Turns: 8532, Time: 00:15:34

Health: -3/32      AC:  6    Str:  5    XL:     7   Next: 38%
Magic:  14/17      EV: 14    Int: 22    God:    Hepliaklqana [*.....]
Gold:   153        SH:  0    Dex: 15    Spells: 3/16 levels left

rFire   . . .      SeeInvis .   d - +2 dagger (protect)
rCold   . . .      Faith    .   (no shield)
rNeg    . . .      Spirit   .   a - +0 robe
rPois   .          Reflect  .   o - +1 hat
rElec   .          Harm     .   h - +0 cloak
rCorr   .          Rampage  .   m - +0 pair of gloves
Will    .....                   n - +0 pair of boots
Stlth   +++.......              (no amulet)
HPRegen 0.10/turn               (no ring)
MPRegen 0.15/turn               (no ring)

@: no status effects
A: reduced essence
a: Renounce Religion, Recall Ancestor, Ancestor Identity


You were on level 5 of the Dungeon.
You worshipped Hepliaklqana.
Hepliaklqana was aware of your devotion.
You visited 1 branch of the dungeon, and saw 5 of its levels.

You collected 181 gold pieces.
You spent 28 gold pieces at shops.

Inventory:

Hand Weapons
 c - a +0 dagger of freezing
 d - a +2 dagger of protection (weapon)
 y - a +2 dagger of flaming
Missiles
 j - 33 stones
Armour
 a - a +0 robe (worn)
 h - a +0 cloak (worn)
 m - a +0 pair of gloves (worn)
 n - a +0 pair of boots (worn)
 o - a +1 hat (worn)
Jewellery
 f - a ring of willpower
Wands
 w - a wand of polymorph (2)
Scrolls
 e - 2 scrolls of enchant weapon {unknown}
 g - 2 scrolls of amnesia {unknown}
 i - a scroll of silence {unknown}
 k - a scroll of teleportation {unknown}
 l - a scroll of identify {unknown}
 q - 2 scrolls of poison {unknown}
 s - a scroll of enchant armour {unknown}
 t - 2 scrolls of immolation {unknown}
 v - a scroll of vulnerability {unknown}
 x - a scroll of summoning {unknown}
Potions
 b - a potion of magic
 p - a potion of mutation {unknown}
 r - 2 potions of haste
 u - a potion of might {unknown}


   Skills:
 + Level 4.6 Dodging
 + Level 5.1 Stealth
 + Level 5.3 Spellcasting
 + Level 2.2 Hexes
 * Level 6.8 Summonings
 + Level 1.6 Air Magic


You had 3 spell levels left.
You knew the following spells:

 Your Spells              Type           Power      Damage    Failure   Level
a - Summon Small Mammal   Summ           100%       N/A       1%          1
b - Call Imp              Summ           36%        N/A       1%          2
c - Call Canine Familiar  Summ           36%        N/A       1%          3
d - Summon Guardian Gole  Hex/Summ       25%        N/A       4%          3
e - Summon Lightning Spi  Summ/Air       24%        N/A       17%         4

Your spell library contained the following spells:

 Spells                   Type           Power      Damage    Failure   Level
 Dispersal                Tloc           2%         N/A       100%        6
 Disjunction              Tloc           2%         N/A       100%        8


Dungeon Overview and Level Annotations

Branches:
Dungeon (5/15)
 Temple: D:4-7

Altars:
Hepliaklqana
Ru
Xom

Shops:
D:4 *


Message History

Things that are here:
a +0 hand axe; a +0 leather armour; an orc corpse Done exploring.
Unknown command.
Done exploring.
Done exploring.
There is a stone staircase leading down here.
You climb downwards.
Found a glowing brass wand and 8 gold pieces.
Found a stone staircase leading down.
There is a stone staircase leading up here.
You swap places.
The helpless hound fails to defend itself.
You impale the hound!!
Your weapon exudes an aura of protection.
You kill the hound!
No target in view!
No target in view!
No target in view!
Magic restored.
A wyvern comes into view.
A wyvern is nearby!
Found a stone staircase leading up.
The wyvern hisses angrily.
The wyvern bites you!
You hit the wyvern.
Your weapon exudes an aura of protection.
The wyvern is lightly wounded.
The wyvern bites you!
* * * LOW HITPOINT WARNING * * *
You are too injured to fight recklessly!
Tenoch hits the wyvern but does no damage.
The wyvern barely misses you. The wyvern attacks as you move away!
The wyvern barely misses you.
Tenoch hits the wyvern.
There is a stone staircase leading up here.
Casting: Call Canine Familiar (safe; 1% risk of failure)
Confirm with . or Enter, or press ? or * to list all spells.
The wyvern bites you!
You die...

<... ...#
...######
##........
.........
#........
#.R......
##l.......
#@..>./...
#.........
#h........
#.########
#.# #.#
#.# ..$
#.#


You could see the friendly Tenoch the ancestor, a wyvern (ally target) and a
friendly hound (summoned).

Vanquished Creatures
  A scorpion (D:2)
  3 hounds
  5 adders
  A worm (D:4)
  A dart slug (D:1)
  3 orcs (D:4)
  2 bats
  3 endoplasms
  A giant cockroach (D:4)
  4 goblins
  3 hobgoblins
  3 quokkas
  3 ball pythons
  3 kobolds
  A rat (D:3)
37 creatures vanquished.

Vanquished Creatures (collateral kills)
  An ice beast (D:3)
  Blork the orc (D:4)
  A howler monkey (D:4)
  2 orc priests
  2 orc wizards (D:4)
  5 gnolls
  4 adders
  An ufetubus (D:4)
  A dart slug (D:1)
  8 orcs
  6 endoplasms
  4 giant cockroaches
  6 goblins
  5 hobgoblins
  4 kobolds
  3 quokkas
  7 ball pythons
  4 bats
  3 frilled lizards
  3 rats
71 creatures vanquished.

Grand Total: 108 creatures vanquished

Notes
Turn   | Place    | Note
-------+----------+-------------------------------------------
     0 | D:1      | Groucho the Deep Elf Summoner began the quest for the Orb.
     0 | D:1      | Reached XP level 1. HP: 10/10 MP: 6/6
   469 | D:1      | Reached XP level 2. HP: 15/15 MP: 8/8
   472 | D:1      | Learned a level 2 spell: Call Imp
   654 | D:1      | Reached XP level 3. HP: 19/19 MP: 10/10
  1274 | D:2      | Found a hazy altar of Hepliaklqana.
  1287 | D:2      | Became a worshipper of Hepliaklqana the Forgotten
  1290 | D:2      | Reached skill level 5 in Summonings
  1793 | D:2      | Reached XP level 4. HP: 22/24 MP: 11/11
  1806 | D:2      | Learned a level 3 spell: Call Canine Familiar
  1810 | D:2      | Learned a level 3 spell: Summon Guardian Golem
  2244 | D:3      | Noticed a scorpion
  2265 | D:2      | Killed a scorpion
  2266 | D:2      | Reached XP level 5. HP: 11/28 MP: 7/13
  2994 | D:3      | HP: 1/28 [orc priest/+0 club (1)]
  4677 | D:3      | Reached skill level 6 in Summonings
  4771 | D:3      | Reached XP level 6. HP: 32/32 MP: 14/14
  5049 | D:3      | Learned a level 4 spell: Summon Lightning Spire
  5222 | D:3      | Noticed an ice beast
  5257 | D:3      | Killed an ice beast
  5258 | D:3      | Reached skill level 1 in Hexes
  6475 | D:4      | Found Coraf's General Store.
  6483 | D:4      | Bought 2 potions of degeneration for 28 gold pieces
  6490 | D:4      | Found a shimmering altar of Xom.
  6520 | D:4      | Reached skill level 5 in Spellcasting
  6520 | D:4      | Reached skill level 1 in Air Magic
  6805 | D:4      | Found a sacrificial altar of Ru.
  6851 | D:4      | Noticed Blork the orc
  6864 | D:4      | Killed Blork the orc
  6865 | D:4      | Reached XP level 7. HP: 29/36 MP: 14/16
  7203 | D:4      | Reached skill level 5 in Stealth
  7795 | D:4      | Reached * piety under Hepliaklqana
  8516 | D:5      | Entered Level 5 of the Dungeon
  8526 | D:5      | Noticed a wyvern
  8532 | D:5      | Slain by a wyvern

Illustrated notes

Levels and vault maps discovered:
D:1:      onia_arrival_mini_spirals, layout_basic
D:2:      layout_rooms, basic_altar, hex_large, kennysheep_generic_room_5
D:3:      layout_rooms
D:4:      layout_loops_corners, mainiacjoe_overflow_concentric_impassable,
          mainiacjoe_overflow_catwalk, serial_co_window_serial,
          co_window_corner_a, co_window_of_opportunity_a, co_window_cross_1,
          co_window_paths_a, co_window_corner_a, co_window_paths_a,
          co_window_of_opportunity_a, co_window_corner_a,
          co_window_of_opportunity_a, co_window_corner_b, co_window_paths_c,
          co_window_2corner, co_window_of_opportunity_c,
          co_window_of_opportunity_c, glass_columns_c, glass_columns_a,
          glass_columns_a, glass_columns_c, glass_columns_c, serial_shops,
          shop_fountains, nicolae_ossuary_entry_false_entrances,
          uniq_blork_the_orc
D:5:      layout_basic, lemuel_round_altar, gammafunk_temple_overflow_elements,
          serial_shops, nicolae_stop_n_shop_1, minmay_misc_feat_ornament,
          uniq_sigmund

Skill      XL: |  1  2  3  4  5  6  7 |
---------------+----------------------+-----
Stealth        | 3 4 5 |  5.1
Dodging        | 3 4 |  4.6
Summonings     | 5 6 |  6.8
Spellcasting   | 4 5 |  5.3
Hexes          | 1 2 |  2.2
Air Magic      | 1 |  1.6

Action                   |  1- 3 |  4- 6 |  7- 9 || total
-------------------------+-------+-------+-------++-------
Melee: Dagger            |    48 |    65 |    86 ||   199
       Punch             |     1 |     1 |     1 ||     3
 Cast: Summon Small Mamm |    20 |    19 |     2 ||    41
       Call Imp          |     6 |    16 |     1 ||    23
       Call Canine Famil |       |    25 |     4 ||    29
Invok: Ancestor Identity |       |       |     1 ||     1
  Use: Potion            |       |     2 |     2 ||     4
 Stab: Sleeping          |     6 |     3 |     3 ||    12
       Distracted        |       |     1 |       ||     1
Armor: Robe              |    16 |    25 |    17 ||    58
       Skin              |       |       |    31 ||    31
Dodge: Dodged            |    38 |    73 |    43 ||   154
